 Dungeon Crawl Stone Soup version 0.31-a0-196-g86fe4a5e66 (webtiles) character file.

Game seed: 4674253934569264185

102 Maxmaps the Slasher (level 4, -1/33 HPs)
             Began as a Demonspawn Reaver on June 24, 2023.
             Succumbed to a gnoll's poison
             ... on level 2 of the Dungeon.
             The game lasted 00:02:02 (2012 turns).

Maxmaps the Slasher (Demonspawn Reaver)             Turns: 2012, Time: 00:02:03

Health: -1/33      AC:  5    Str: 13    XL:     4   Next: 50%
Magic:  7/7        EV: 15    Int: 16    God:
Gold:   116        SH:  0    Dex: 11    Spells: 6/7 levels left

rFire   . . .        a - +0 falchion
rCold   . . .        (no shield)
rNeg    . . .        j - +0 ring mail
rPois   .            (no helmet)
rElec   .            (no cloak)
rCorr   .            (no gloves)
SInv    .            (no boots)
Will    .....        (no amulet)
Stlth   +            d - +5 ring of evasion
HPRegen 0.25/turn    g - ring of flight
MPRegen 0.10/turn

%: no passive effects
@: lethally poisoned (-1 -> -14), flying
A: demonic guardian 1
a: no special abilities


You were on level 2 of the Dungeon.
You visited 1 branch of the dungeon, and saw 3 of its levels.

You collected 116 gold pieces.

Inventory:

Hand Weapons
 a - a +0 falchion (weapon)
 e - a +3 dagger
Armour
 b - a +0 leather armour
 j - a +0 ring mail (worn)
Jewellery
 d - a +5 ring of evasion (left hand)
 g - a ring of flight (right hand)
Scrolls
 c - a scroll of silence {unknown}
 f - a scroll of teleportation {unknown}
 i - 2 scrolls of identify {unknown}


   Skills:
 - Level 2.0 Fighting
 + Level 4.9 Long Blades
 - Level 1.7 Dodging
 - Level 2.0 Spellcasting
 - Level 3.0 Conjurations


You had 6 spell levels left.
You knew the following spells:

 Your Spells              Type           Power      Damage    Failure   Level
a - Kiss of Death         Conj/Necr      24%        2d7       24%         1

Your spell library contained the following spells:

 Spells                   Type           Power      Damage    Failure   Level
 Momentum Strike          Conj/Tloc      12%        3d8       36%         2
 Hailstorm                Conj/Ice       6%         3d4       58%         3


Dungeon Overview and Level Annotations

Branches:
Dungeon (3/15)

Altars:


Innate Abilities, Weirdness & Mutations

A weak demonic guardian rushes to your aid.


Message History

There are monsters nearby!
A gnoll comes into view. It is wielding a +0 flail.
The gnoll shouts!
The gnoll misses you.
The gnoll moves out of view.
The gnoll hits you with a +0 flail. The gnoll attacks as you move away!
The gnoll hits you with a +0 flail.
You reach down and open the door.
There is an open door here.
There is a stone staircase leading up here.
There is a stone staircase leading up here.
You hit the gnoll but do no damage. The gnoll closely misses you.
The gnoll misses you.
The gnoll hits you with a +1 halberd of venom!
You are poisoned.
The gnoll completely misses you.
You fly upwards.
You feel very sick.
There is a stone staircase leading down here.
It was a potion of heal wounds.
You feel much better.
You feel sick. The gnoll completely misses you.
The gnoll hits you with a +1 halberd of venom!
You are more poisoned.
You hit the gnoll but do no damage.
You feel very sick. The gnoll barely misses you.
The gnoll hits you with a +1 halberd of venom!
* * * LOW HITPOINT WARNING * * *
A demonic guardian appears!
You hit the gnoll.
The gnoll is moderately wounded.
* * * LOW HITPOINT WARNING * * *
You feel very sick.
Your quasit bites the gnoll.
Your quasit claws the gnoll but does no damage.
Your quasit claws the gnoll.
The gnoll closely misses you. The gnoll hits you with a +0 flail.
* * * LOW HITPOINT WARNING * * *
You hit the gnoll but do no damage.
The gnoll is moderately wounded.
You die...

#.# #.###.#(###.# #.# #.#
#.##.#.#.##.######.####
##.######.#.#.#.#.#...........#
#..........#.###.#..##........#
#..######...#####....#........###
#...# #.#...........#..........
....## #.#.#.##.....#........###
.....# #.#...#####.##........#
#....# #.#.####@g5.##........#
###..####.#.## #g#####.####.###
#..#.>.....# #.# #.# #.#
#..#.##.#..# #.# #.# #.#
###..#.##.#..###.# #.# #.#
.......##........#####.# #.#
##.###.###.##..>.......# #.#
............###############.#####
.###.###.##...................(..


You could see 2 gnolls and a friendly quasit (summoned).

Vanquished Creatures
  A gnoll (D:1)
  3 adders
  3 dart slugs
  5 ball pythons
  2 endoplasms (D:1)
  3 giant cockroaches
  4 goblins
  10 hobgoblins
  3 quokkas
  6 bats
  A frilled lizard (D:2)
  6 kobolds
  4 rats
51 creatures vanquished.

Vanquished Creatures (collateral kills)
  A worm (D:2)
  A hobgoblin (D:1)
  A bat (D:1)
3 creatures vanquished.

Grand Total: 54 creatures vanquished

Notes
Turn   | Place    | Note
-------+----------+-------------------------------------------
     0 | D:1      | Maxmaps the Demonspawn Reaver began the quest for the Orb.
     0 | D:1      | Reached XP level 1. HP: 16/16 MP: 3/3
    67 | D:1      | Reached skill level 3 in Long Blades
    67 | D:1      | Gained mutation: A weak demonic guardian rushes to your
                  | aid. [demonic ancestry]
    67 | D:1      | Reached XP level 2. HP: 14/22 MP: 5/5
   394 | D:1      | Reached XP level 3. HP: 18/27 MP: 6/6
   650 | D:1      | Reached skill level 4 in Long Blades
  1318 | D:2      | Reached XP level 4. HP: 33/33 MP: 7/7
  2011 | D:2      | HP: 1/33 [gnoll/+0 flail (2)]
  2012 | D:2      | Succumbed to a gnoll's poison

Illustrated notes

Levels and vault maps discovered:
D:1:      wheals_arrival_shading, layout_rooms, minmay_misc_feat_iff
D:2:      minmay_chambers_of_ones, layout_loops_ring, basic_altar,
          nicolae_concentric_dashed_squares_mild, minmay_misc_feat_chi,
          minmay_circle_x
D:3:      layout_basic, grunt_ministairs_9, corexii_hall_statues_i,
          nicolae_figureground_sparkle

Skill      XL: |  1  2  3 |
---------------+----------+-----
Long Blades    | 3 4 |  4.9
Fighting       | |  2.0
Dodging        | |  1.7
Spellcasting   | |  2.0
Conjurations   | |  3.0

Action                     |  1- 3 |  4- 6 || total
---------------------------+-------+-------++-------
  Melee: Falchion          |   139 |    77 ||   216
         Punch             |     2 |       ||     2
    Use: Potion            |       |     1 ||     1
 Armour: Leather armour    |    28 |     4 ||    32
         Ring mail         |       |     5 ||     5
  Dodge: Dodged            |    93 |    80 ||   173

Table legend: (Time is in decaauts)
 A = Elapsed time spent in this place.
 B = Non-inter-level travel time spent in this place.
 C = Inter-level travel time spent in this place.
 D = Time resting spent in this place.
 E = Time spent auto-exploring this place.
 F = Levels seen in this place.
 G = Mean time per level.
                   A        B        C        D        E       F      G
               +--------+--------+--------+--------+--------+-----+--------+
         Total |   2030 |   1986 |     44 |    246 |   1300 |   3 |  676.7 |
       Dungeon |   2030 |   1986 |     44 |    246 |   1300 |   3 |  676.7 |
               +--------+--------+--------+--------+--------+-----+--------+

Top non-repeatable levels by time:
     D:2: 1062 daAuts
     D:1: 810 daAuts
     D:3: 157 daAuts
